 Dungeon Crawl Stone Soup version 0.29-a0-666-g26d293caef (webtiles) character file.

Game seed: 15209705630541600255

74 NoAnimeNoLife the Skirmisher (level 4, 0/48 HPs)
             Began as an Ogre Fighter on June 23, 2022.
             Killed from afar by an orc wizard (9 damage)
             ... with a puff of flame
             ... on level 3 of the Dungeon.
             The game lasted 00:02:07 (2443 turns).

NoAnimeNoLife the Skirmisher (Ogre Fighter)         Turns: 2443, Time: 00:02:07

Health: 0/48       AC:  4    Str: 20    XL:     4   Next: 30%
Magic:  4/4        EV: 12    Int: 11    God:
Gold:   101        SH:  7    Dex:  8    Spells: 3/3 levels left

rFire   . . .      SeeInvis .   a - +0 flail
rCold   . . .      Faith    .   c - +0 kite shield
rNeg    . . .      Spirit   .   b - +1 robe
rPois   .          Reflect  .   (helmet restricted)
rElec   .          Harm     .   (no cloak)
rCorr   .          Rampage  .   (gloves unavailable)
Will    +....                   (boots unavailable)
Stlth   +.........              (no amulet)
HPRegen 0.16/turn               l - +4 ring of evasion
MPRegen 0.09/turn               q - ring of willpower

@: no status effects
A: large, unfitting armour, tough skin 1
a: no special abilities


You were on level 3 of the Dungeon.
You visited 1 branch of the dungeon, and saw 3 of its levels.

You collected 101 gold pieces.

Inventory:

Hand Weapons
 a - a +0 flail (weapon)
Armour
 b - a +1 robe (worn)
 c - a +0 kite shield (worn)
Jewellery
 l - a +4 ring of evasion (left hand)
 n - a ring of ice
 q - a ring of willpower (right hand)
Wands
 e - a wand of polymorph (12)
 p - a wand of charming (7)
Scrolls
 d - a scroll of identify
Potions
 f - a potion of curing
 i - a potion of heal wounds
 j - 2 potions of berserk rage {unknown}
 k - a potion of haste {unknown}
 m - a potion of lignification {unknown}


   Skills:
 - Level 4.0 Fighting
 + Level 4.0 Maces & Flails
 - Level 2.6 Dodging
 - Level 3.0 Shields


You had 3 spell levels left.
You didn't know any spells.
Your spell library contained the following spells:

 Spells                   Type           Power      Damage    Failure   Level
 Ensorcelled Hibernation  Hex/Ice        0%         N/A       77%         2
 Spider Form              Tmut/Pois      0%         N/A       94%         3
 Anguish                  Hex/Necr       0%         N/A       100%        4


Dungeon Overview and Level Annotations

Branches:
Dungeon (3/15)

Altars:
Vehumet


Innate Abilities, Weirdness & Mutations

You are too large for most types of armour.
You have tough skin. (AC +1)


Message History

You are too confused!
You are too confused!
You are too confused!
You are too confused!
You are too confused!
You are too confused!
You are too confused!
You are too confused!
You are too confused!
You are too confused!
You are too confused!
You are too confused!
You are too confused!
You are too confused!
You are too confused!
You are too confused!
You are too confused!
You are too confused!
You miss something. Something hits you. x2
You bump into the rock wall.
Something hits you.
You bump into the rock wall.
Something hits you.
You feel better. Something hits you but does no damage.
You barely miss something. Something hits you but does no damage.
You miss something. Something hits you.
You barely miss something.
An orc wizard appears from thin air!
Reactivating autopickup.
The orc wizard gestures at you while chanting.
The magic dart hits you!
* * * LOW HITPOINT WARNING * * *
The orc wizard hits you with a +0 dagger.
* * * LOW HITPOINT WARNING * * *
You hit the orc wizard.
The orc wizard is moderately wounded.
The orc wizard hits you with a +0 dagger.
* * * LOW HITPOINT WARNING * * *
You miss the orc wizard.
The orc wizard is moderately wounded.
The orc wizard points at you and mumbles some strange words.
The puff of flame hits you!
You die...

. [. ... # ....
##. .....
#.#...####oK....
#......@ogoo....
#.#...####oo....
..... ..... #.##
.... # ... '# #


You could see an orc wizard, 5 orcs, a goblin and a kobold.

Vanquished Creatures
  Robin (D:3)
  An adder (D:3)
  A worm (D:2)
  An orc (D:3)
  4 ball pythons
  2 bats
  7 endoplasms
  11 goblins
  6 hobgoblins
  4 kobolds
  2 quokkas
  2 frilled lizards
  A rat (D:3)
43 creatures vanquished.

Notes
Turn   | Place    | Note
-------+----------+-------------------------------------------
     0 | D:1      | NoAnimeNoLife the Ogre Fighter began the quest for the Orb.
     0 | D:1      | Reached XP level 1. HP: 24/24 MP: 1/1
   304 | D:1      | Found a faded altar of an unknown god.
   687 | D:2      | Reached XP level 2. HP: 31/32 MP: 2/2
  1201 | D:2      | Found a radiant altar of Vehumet.
  1208 | D:2      | Reached XP level 3. HP: 34/39 MP: 3/3
  1603 | D:3      | Found a faded altar of an unknown god.
  1766 | D:3      | Noticed Robin
  1799 | D:3      | Killed Robin
  1800 | D:3      | Reached XP level 4. HP: 15/48 MP: 4/4
  2281 | D:3      | Noticed an ogre
  2443 | D:3      | Killed from afar by an orc wizard

Illustrated notes

Levels and vault maps discovered:
D:1:      dpeg_arrival_three_same_balls, layout_basic, basic_ecumenical_altar
D:2:      layout_basic, basic_altar, kennysheep_generic_room_4
D:3:      layout_loops_corners, nicolae_overflow_ecumenical_swirl, uniq_robin

Skill      XL: |  1  2  3  4 |
---------------+-------------+-----
Maces & Flails | 2 3 4 |  4.0
Fighting       | |  4.0
Dodging        | |  2.6
Shields        | |  3.0

Action                   |  1- 3 |  4- 6 || total
-------------------------+-------+-------++-------
Melee: Flail             |   121 |    31 ||   152
  Use: Scroll            |     6 |       ||     6
       Potion            |     2 |     1 ||     3
Armor: Robe              |    34 |    10 ||    44
Dodge: Dodged            |    70 |     8 ||    78
Block: Kite shield       |    58 |     3 ||    61

Table legend: (Time is in decaauts)
 A = Elapsed time spent in this place.
 B = Non-inter-level travel time spent in this place.
 C = Inter-level travel time spent in this place.
 D = Time resting spent in this place.
 E = Time spent auto-exploring this place.
 F = Levels seen in this place.
 G = Mean time per level.
                   A        B        C        D        E       F      G
               +--------+--------+--------+--------+--------+-----+--------+
         Total |   2497 |   2416 |     81 |    100 |   1914 |   3 |  832.3 |
       Dungeon |   2497 |   2416 |     81 |    100 |   1914 |   3 |  832.3 |
               +--------+--------+--------+--------+--------+-----+--------+

Top non-repeatable levels by time:
     D:3: 1016 daAuts
     D:2: 808 daAuts
     D:1: 673 daAuts
